 Dungeon Sprint DCSS version 0.25.1-2-g60ff931df9 (webtiles) character file.

Game seed: 1639118363326885535

238 sahdkjhfkaj the Gusty (level 5, -1/47 HPs)
             Began as a Centaur Air Elementalist on Oct 7, 2020.
             Was an Initiate of Sif Muna.
             Slain by a hippogriff (7 damage)
             ... in the Dungeon (Sprint IX: "|||||||||||||||||||||||||||||").
             The game lasted 00:02:12 (826 turns).

sahdkjhfkaj the Gusty (Centaur Air Elementalist)     Turns: 826, Time: 00:02:12

Health: -1/47      AC:  7    Str: 10    XL:     5   Next: 78%
Magic:  0/11       EV: 10    Int: 15    God:    Sif Muna [......]
Gold:   0          SH:  0    Dex: 13    Spells: 3/12 levels left

rFire    . . .     SeeInvis .   l - staff of energy
rCold    . . .     Gourm    .   (no shield)
rNeg     . . .     Faith    .   a - +0 robe
rPois    .         Spirit   .   (no helmet)
rElec    .         Reflect  .   m - +0 cloak
rCorr    .         Harm     .   (no gloves)
MR       .....     NoTele   +   (no barding)
Stlth    +.........             (no amulet)
HPRegen  0.15/turn              n - +3 ring of dexterity
MPRegen  0.12/turn              o - +2 ring of protection

@: very slightly contaminated, invisible, very quick
A: large, hooves 3, deformed body, speed 2, tough skin 3
a: Renounce Religion


You were in the Dungeon.
You worshipped Sif Muna.
Sif Muna was noncommittal.
You were not hungry.

You visited 1 branch

Inventory:

Armour
 a - a +0 robe (worn)
 m - a +0 cloak (worn)
Magical Staves
 l - an uncursed staff of energy (weapon)
Jewellery
 n - a +3 ring of dexterity (left hand)
 o - a +2 ring of protection (right hand)
Wands
 k - a wand of iceblast (10)
Scrolls
 h - 3 scrolls of remove curse
 i - 2 scrolls of blinking
 j - 2 scrolls of amnesia
Potions
 d - 4 potions of curing
 e - 3 potions of heal wounds
 f - a potion of haste
 g - 4 potions of magic
Comestibles
 c - a ration


   Skills:
 + Level 4.7 Fighting
 - Level 1.3 Dodging
 - Level 1.1 Stealth
 + Level 4.1 Spellcasting
 * Level 6.0 Conjurations
 * Level 7.0 Air Magic


You had 3 spell levels left.
You knew the following spells:

 Your Spells              Type           Power        Failure   Level  Hunger
a - Lightning Bolt        Conj/Air       ###.......   32%         5    None
i - Shock                 Conj/Air       ###.         1%          1    None
s - Static Discharge      Conj/Air       ###.....     3%          3    None

Your spell library contained the following spells:

 Spells                   Type           Power        Failure   Level  Hunger
 Swiftness                Chrm/Air       ##......     6%          2    None
 Airstrike                Air            ###.......   10%         4    None


Dungeon Overview and Level Annotations

Branches:
Dungeon (1/1)

Altars:
Cheibriados
Dithmenos
Elyvilon
Fedhas
Gozag
Hepliaklqana
Kikubaaqudgha
Makhleb
Nemelex Xobeh
Okawaru
Qazlal
Ru
Sif Muna
Trog
Uskayaw
Vehumet
Wu Jian
Xom
Yredelemnul
Zin
The Shining One
Beogh
Jiyva
Lugonu


Innate Abilities, Weirdness & Mutations

You have hooves in place of feet.
Armour fits poorly on your strangely shaped body.
You cover ground very quickly.
You have extremely tough skin. (AC +3)


Message History

The zap hits the hippogriff.
The hippogriff is heavily wounded.
Unknown command.
You hit the hippogriff.
The hippogriff is severely wounded.
The hippogriff bites you.
* * * LOW HITPOINT WARNING * * *
The hippogriff pecks you but does no damage.
The hippogriff barely misses you.
You fade into invisibility!
The hippogriff bites you but does no damage.
The hippogriff pecks you.
* * * LOW HITPOINT WARNING * * *
The hippogriff closely misses you.
You strike the helpless hippogriff from behind!
You hit the hippogriff.
You kick the hippogriff, but do no damage.
The hippogriff is severely wounded.
The hippogriff barely misses you. x2; The hippogriff claws you!
You die...

▓▓▓
▓@▓
▓H▓
▓.▓
▓)▓
▓'▓
▓)▓
▓.▓
▓.▓
▓.▓


You could see a hippogriff.

Vanquished Creatures
  A sky beast (D)
  A centaur (D)
  A hound (D)
  A worker ant (D)
  An adder skeleton (D)
  A giant cockroach (D)
  A hobgoblin (D)
  3 goblins (D)
  A rat (D)
11 creatures vanquished.

Vanquished Creatures (others)
  2 spatial maelstroms (D)
2 creatures vanquished.

Grand Total: 13 creatures vanquished

Notes
Turn   | Place    | Note
-------+----------+-------------------------------------------
     0 | D        | sahdkjhfkaj the Centaur Air Elementalist began the quest
                  | for the Orb.
     0 | D        | Reached XP level 1. HP: 14/14 MP: 3/3
     4 | D        | Reached skill level 1 in Conjurations
     5 | D        | Reached skill level 3 in Air Magic
     5 | D        | Reached skill level 1 in Fighting
    18 | D        | Banished a spatial maelstrom
    23 | D        | Banished a spatial maelstrom
    58 | D        | Noticed a worker ant
    58 | D        | Noticed a sky beast
    58 | D        | Noticed a hound
   237 | D        | Killed a worker ant
   237 | D        | Reached skill level 4 in Air Magic
   237 | D        | Reached XP level 2. HP: 19/24 MP: 0/5
   237 | D        | Reached XP level 3. HP: 23/29 MP: 0/6
   242 | D        | Killed a sky beast
   242 | D        | Reached skill level 5 in Conjurations
   242 | D        | Reached skill level 5 in Air Magic
   242 | D        | Reached XP level 4. HP: 27/38 MP: 0/8
   246 | D        | Reached skill level 6 in Air Magic
   246 | D        | Reached XP level 5. HP: 22/46 MP: 1/10
   521 | D        | Learned a level 5 spell: Lightning Bolt
   525 | D        | Learned a level 3 spell: Static Discharge
   546 | D        | Found a roughly hewn altar of Beogh.
   546 | D        | Found a snail-covered altar of Cheibriados.
   546 | D        | Found a shadowy altar of Dithmenos.
   546 | D        | Found a white marble altar of Elyvilon.
   546 | D        | Found a blossoming altar of Fedhas.
   546 | D        | Found an opulent altar of Gozag.
   547 | D        | Found a hazy altar of Hepliaklqana.
   548 | D        | Found a viscous altar of Jiyva.
   549 | D        | Found an ancient bone altar of Kikubaaqudgha.
   550 | D        | Found a corrupted altar of Lugonu.
   551 | D        | Found a burning altar of Makhleb.
   552 | D        | Found a sparkling altar of Nemelex Xobeh.
   553 | D        | Found an iron altar of Okawaru.
   554 | D        | Found a stormy altar of Qazlal.
   555 | D        | Found a sacrificial altar of Ru.
   556 | D        | Found a shimmering blue altar of Sif Muna.
   557 | D        | Found a bloodstained altar of Trog.
   558 | D        | Found a hide-covered altar of Uskayaw.
   559 | D        | Found a radiant altar of Vehumet.
   560 | D        | Found an ornate altar of the Wu Jian Council.
   561 | D        | Found a shimmering altar of Xom.
   562 | D        | Found a basalt altar of Yredelemnul.
   563 | D        | Found a glowing silver altar of Zin.
   564 | D        | Became a worshipper of Sif Muna the Loreminder
   567 | D        | Found a glowing golden altar of the Shining One.
   603 | D        | Noticed a centaur
   603 | D        | Noticed a hippogriff
   603 | D        | Noticed an ogre
   672 | D        | Killed a centaur
   672 | D        | Reached skill level 7 in Air Magic
   826 | D        | Slain by a hippogriff

Illustrated notes

Levels and vault maps discovered:
D:        linesprint [early_d, line_temple, items_1, d_10, items_2, lair_1,
          lair_end, items_3, orc_1, orc_end, items_4, d_15, swamp_1, shoals_1,
          snake_1, spider_1, d_20, vaults_1, items_5, swamp_end, shoals_end,
          snake_end, spider_end, vaults_end, d_27, items_6, zot_1, zot_end,
          crypt_end, forest_end, elf_end, slime_end, tomb_end, abyss_end,
          pan_hell_end]

Skill      XL: |  1  2  3  4  5 |
---------------+----------------+-----
Conjurations   | 3 5 6 |  6.0
Air Magic      | 4 5 6 7 |  7.0
Fighting       | 2 3 4 |  4.7
Spellcasting   | 2 3 4 |  4.1
Dodging        | |  1.3
Stealth        | |  1.1

Action                   |  1- 3 |  4- 6 || total
-------------------------+-------+-------++-------
Melee: Unarmed           |     9 |     4 ||    13
       Kick              |     4 |     4 ||     8
       Staff             |       |    12 ||    12
 Cast: Shock             |     8 |     9 ||    17
       Lightning Bolt    |       |     1 ||     1
  Use: Potion            |     2 |     1 ||     3
 Stab: Invisible         |       |     1 ||     1
Armor: Robe              |     3 |    14 ||    17
Dodge: Dodged            |     4 |    13 ||    17
